 Dungeon Crawl Stone Soup version 0.31-a0-229-g1fc7ce93e2 (webtiles) character file.

Game seed: 1857350141306877534

74 qw the Shooter (level 4, -5/27 HPs)
             Began as a Gargoyle Hexslinger on July 6, 2023.
             Slain by a gnoll
             ... wielding a +0 halberd
              (7 damage)
             ... on level 2 of the Dungeon.
             The game lasted 00:00:26 (1264 turns).

qw the Shooter (Gargoyle Hexslinger)                Turns: 1264, Time: 00:00:27

Health: -5/27      AC:  6    Str: 18    XL:     4   Next: 30%
Magic:  5/5        EV: 11    Int: 13    God:
Gold:   46         SH:  0    Dex: 15    Spells: 4/5 levels left

rFire   . . .        Y - +1 sling
rCold   . . .        (no shield)
rNeg    + . .        f - +0 leather armour
rPois   inf          (no helmet)
rElec   +            (no cloak)
rCorr   .            (no gloves)
SInv    .            (no boots)
Will    .....        (no amulet)
Stlth   +            e - +6 ring of strength
HPRegen 0.24/turn    j - +1 ring of dexterity
MPRegen 0.09/turn

%: no passive effects
@: no status effects
A: sickness immunity, AC +3, negative energy resistance 1, electricity
resistance, torment resistance 1, petrification resistance
a: no special abilities


You were on level 2 of the Dungeon.
You visited 1 branch of the dungeon, and saw 2 of its levels.

You collected 74 gold pieces.
You spent 28 gold pieces at shops.


Innate Abilities, Weirdness & Mutations

You are immune to sickness and miasma.
Your stone body is resilient. (AC +3)
You are immune to poison.
You resist negative energy. (rN+)
You are resistant to electric shocks. (rElec)
You are resistant to unholy torment.
You are immune to petrification.


   Skills:
 - Level 2.4 Fighting
 + Level 3.9 Ranged Weapons
 - Level 1.5 Dodging
 - Level 1.0 Spellcasting
 - Level 2.6 Hexes


You had 4 spell levels left.
You knew the following spells:

 Your Spells              Type           Power      Damage    Failure   Level
a - Slow                  Hex            28%        N/A       11%         1

Your spell library contained the following spells:

 Spells                   Type           Power      Damage    Failure   Level
 Inner Flame              Hex/Fire       4%         N/A       50%         3
 Portal Projectile        Hex/Tloc       8%         N/A       50%         3
 Cause Fear               Hex            3%         N/A       73%         4

Inventory:

Hand Weapons
 Y - a +1 sling (weapon)
Armour
 f - a +0 leather armour (worn)
Jewellery
 e - a +6 ring of strength (left hand)
 j - a +1 ring of dexterity (right hand)
Potions
 a - a potion of might {unknown}
 d - a potion of cancellation {unknown}
 g - a potion of curing {unknown}
 h - a potion of ambrosia {unknown}

Dungeon Overview and Level Annotations

Branches:
Dungeon (2/15)

Altars:

Shops:
D:1 =


Message History

An endoplasm comes into view.
You shoot a sling bullet. The endoplasm quivers.
The sling bullet hits the frilled lizard.
You kill the frilled lizard!
You shoot a sling bullet. The sling bullet hits the gnoll.
The gnoll is almost dead.
A gnoll comes into view. It is wielding a +0 flail.
A gnoll comes into view. It is wielding a +0 club.
You shoot a sling bullet. The sling bullet hits the gnoll.
The gnoll is almost dead.
The gnoll hits you but does no damage.
You shoot a sling bullet. The sling bullet hits the gnoll.
You kill the gnoll!
You have reached level 4!
You feel stronger.
You shoot a sling bullet. The sling bullet hits the gnoll.
The gnoll is moderately wounded.
You shoot a sling bullet.
The sling bullet barely misses the gnoll.
The gnoll hits you but does no damage.
You shoot a sling bullet.
The sling bullet closely misses the gnoll.
The gnoll hits you with a +0 club. The endoplasm barely misses you.
The gnoll hits you with a +0 club.
You shoot a sling bullet. The sling bullet hits the gnoll.
The gnoll is severely wounded.
The gnoll barely misses you. The endoplasm barely misses you.
You shoot a sling bullet.
The sling bullet barely misses the gnoll.
The endoplasm barely misses you. The gnoll misses you.
The gnoll hits you with a +0 flail. The gnoll misses you.
You shoot a sling bullet. The sling bullet hits the gnoll!
You kill the gnoll!
The gnoll hits you from afar with a +0 halberd.
The endoplasm freezes you.
You are frozen.
The gnoll hits you with a +0 flail.
You shoot a sling bullet.
The sling bullet hits the gnoll but does no damage.
The gnoll hits you from afar with a +0 halberd!
You die...

.......#.:.... ...
#. ..............
.% #. .............
.... ...(.......
.#. .......... ...
......#
#####g#######.....#
#....J)....##.....#
#....g@....##.....#
#.................#
#..........#...####
#..........###.#
...####.....# #.#
.. #########.### .
#....# #....###
######......###


You could see 2 gnolls and an endoplasm.

Vanquished Creatures
  6 gnolls
  A ball python (D:1)
  An endoplasm (D:1)
  2 giant cockroaches (D:1)
  A goblin (D:1)
  A hobgoblin (D:1)
  2 jackals (D:1)
  A quokka (D:1)
  3 frilled lizards
18 creatures vanquished.

Notes
Turn   | Place    | Note
-------+----------+-------------------------------------------
     0 | D:1      | qw the Gargoyle Hexslinger began the quest for the Orb.
     0 | D:1      | Reached XP level 1. HP: 12/12 MP: 2/2
     0 | D:1      | 0 ||| qw: Version: 0.3-a-46-gb1f654a
     0 | D:1      | 0 ||| qw: Game counter: 1180
     0 | D:1      | 0 ||| qw: Melee chars always use a shield: true
     0 | D:1      | 0 ||| qw: God list: Okawaru
     0 | D:1      | 0 ||| qw: Allow faded altars: false
     0 | D:1      | 0 ||| qw: Do Orc after clearing Dungeon:15 true
     0 | D:1      | 0 ||| qw: Do second Lair branch before Depths: true
     0 | D:1      | 0 ||| qw: Lair rune preference: random
     0 | D:1      | 0 ||| qw: Goals: Normal
     0 | D:1      | 0 ||| PLANNING D:1-11
    74 | D:1      | HP: 2/12 [quokka (3)]
   354 | D:1      | Reached XP level 2. HP: 16/16 MP: 3/3
   760 | D:1      | Found Xopuni Eghe's One-of-a-Kind Rings.
   766 | D:1      | 766 ||| BUYING +1 ring of dexterity (28 gold).
   766 | D:1      | Bought a +1 ring of dexterity for 28 gold pieces
   766 | D:1      | 766 ||| SHOPLISTING +2 ring of protection (140 gold, have
                  | 31).
   766 | D:1      | 766 ||| SHOPLISTING +3 ring of evasion (140 gold, have 31).
   766 | D:1      | 766 ||| SHOPLISTING +6 ring of protection (1092 gold, have
                  | 31).
   766 | D:1      | 766 ||| SHOPLISTING ring "Ovom Ykk" {rPois rF+ Stlth+} (546
                  | gold, have 31).
   780 | D:1      | Reached skill level 3 in Ranged Weapons
   814 | D:1      | Found a faded altar of an unknown god.
   993 | D:1      | 993 ||| UPGRADING to +0 leather armour.
  1003 | D:1      | 1003 ||| DROPPING +0 robe.
  1004 | D:1      | 1004 ||| UPGRADING to +6 ring of strength.
  1005 | D:1      | 1005 ||| UPGRADING to +1 ring of dexterity.
  1006 | D:1      | 1006 ||| READING scroll labelled BIOSIERR SATE.
  1007 | D:1      | 1007 ||| DROPPING scroll of poison.
  1091 | D:2      | Identified the +1 chain mail of the Gate {Dex+2 SInv}
  1126 | D:2      | Reached XP level 3. HP: 18/21 MP: 4/4
  1136 | D:2      | 1136 ||| FLEEEEING.
  1137 | D:2      | 1137 ||| FLEEEEING.
  1139 | D:2      | 1139 ||| FLEEEEING.
  1140 | D:2      | 1140 ||| FLEEEEING.
  1141 | D:2      | 1141 ||| FLEEEEING.
  1142 | D:2      | 1142 ||| FLEEEEING.
  1143 | D:2      | 1143 ||| FLEEEEING.
  1144 | D:2      | 1144 ||| FLEEEEING.
  1146 | D:2      | 1146 ||| FLEEEEING.
  1153 | D:2      | 1153 ||| FLEEEEING.
  1154 | D:2      | 1154 ||| FLEEEEING.
  1155 | D:2      | 1155 ||| FLEEEEING.
  1156 | D:2      | 1156 ||| FLEEEEING.
  1157 | D:2      | 1157 ||| FLEEEEING.
  1158 | D:2      | 1158 ||| FLEEEEING.
  1159 | D:2      | 1159 ||| FLEEEEING.
  1160 | D:2      | 1160 ||| FLEEEEING.
  1161 | D:2      | 1161 ||| FLEEEEING.
  1162 | D:2      | 1162 ||| FLEEEEING.
  1163 | D:2      | 1163 ||| STAIRDANCE
  1188 | D:2      | 1188 ||| STAIRDANCE
  1258 | D:2      | Reached XP level 4. HP: 27/27 MP: 5/5
  1263 | D:2      | HP: 1/27 [gnoll/+0 flail (6)]
  1264 | D:2      | Slain by a gnoll

Levels and vault maps discovered:
D:1:      dpeg_arrival_arbitrary_a, layout_loops_corners,
          hellmonk_ecumenical_altar_run_dry, nicolae_shop_unique_rings,
          chequers_mini_garden
D:2:      layout_basic, serial_shops, shop, nicolae_shop_advertising_works
          [nicolae_subvault_shop_adworks]

Skill      XL: |  1  2  3 |
---------------+----------+-----
Ranged Weapons | 3 |  3.9
Fighting       | 2 |  2.4
Dodging        | |  1.5
Spellcasting   | |  1.0
Hexes          | |  2.6

Action                     |  1- 3 |  4- 6 || total
---------------------------+-------+-------++-------
   Fire: Sling             |    88 |     7 ||    95
    Use: Scroll            |     1 |       ||     1
 Armour: Robe              |    11 |       ||    11
         Leather armour    |     5 |     1 ||     6
  Dodge: Dodged            |    59 |     6 ||    65

Table legend:
 A = Non-vault XP
 B = Vault XP
 C = Vault XP percentage of total XP
 D = Non-vault monster count
 E = Vault monster count
 F = Vault count percentage of total count
                 A         B        C        D         E       F
            +---------+---------+-------+---------+---------+-------
      Total |     107 |       0 |   0.0 |      18 |       0 |   0.0
            +---------+---------+-------+---------+---------+-------
        D:1 |      34 |       0 |   0.0 |      12 |       0 |   0.0
        D:2 |      73 |       0 |   0.0 |       6 |       0 |   0.0
            +---------+---------+-------+---------+---------+-------
